 Dungeon Crawl Stone Soup version 0.27-a0-1202-ge72e49191c (webtiles) character file.

Game seed: 3005019721975030296

70 deadmanwalking the Cudgeller (level 4, -2/39 HPs)
             Began as a Minotaur Berserker on June 2, 2021.
             Was a Believer of Trog.
             Slain by a goblin
             ... wielding a +0 dagger
             ... led by Robin
              (5 damage)
             ... on level 2 of the Dungeon.
             The game lasted 00:02:48 (1678 turns).

deadmanwalking the Cudgeller (Minotaur Berserker)   Turns: 1678, Time: 00:02:48

Health: -2/39      AC:  8    Str: 21    XL:     4   Next: 4%
Magic:  3/3        EV: 10    Int:  5    God:    Trog [**....]
Gold:   93         SH:  0    Dex: 10    Spells: 3/3 levels left

rFire    . . .     SeeInvis .   a - +0 mace
rCold    . . .     Faith    .   (no shield)
rNeg     . . .     Spirit   .   o - +0 scale mail
rPois    .         Reflect  .   f - +2 hat
rElec    .         Harm     .   n - scarf {+Inv}
rCorr    .         Rampage  .   (no gloves)
Will     .....                  (no boots)
Stlth    ..........             (no amulet)
HPRegen  0.13/turn              (no ring)
MPRegen  0.08/turn              (no ring)

@: on berserk cooldown, hasted and slowed
A: horns 2, retaliatory headbutt
a: Renounce Religion, Evoke Invisibility, Berserk, Trog's Hand


You were on level 2 of the Dungeon.
You worshipped Trog.
Trog was pleased with you.
You visited 1 branch of the dungeon, and saw 3 of its levels.

You collected 93 gold pieces.

Inventory:

Hand Weapons
 a - a +0 mace (weapon)
Missiles
 c - 64 bolts
 d - 3 atropa-tipped darts
 e - 27 arrows
 m - 8 stones
Armour
 f - a +2 hat (worn)
 n - a scarf of invisibility (worn)
 o - a +0 scale mail (worn)
Magical Staves
 j - a staff of fire
Scrolls
 b - a scroll of identify {unknown}
 h - 2 scrolls of teleportation {unknown}
 i - a scroll of amnesia {unknown}
 l - a scroll of vulnerability {unknown}
 p - a scroll of blinking {unknown}
 q - a scroll of enchant weapon {unknown}
Potions
 g - a potion of haste
 k - 2 potions of berserk rage {unknown}


   Skills:
 - Level 3.6 Fighting
 + Level 6.0 Maces & Flails
 - Level 2.4 Armour
 - Level 2.1 Dodging


You had 3 spell levels left.
You didn't know any spells.
Your spell library was empty.

Dungeon Overview and Level Annotations

Branches:
Dungeon (3/15)

Altars:


Innate Abilities, Weirdness & Mutations

You have a pair of horns on your head.
You reflexively headbutt those who attack you in melee.


Message History

You kill the goblin!
Trog accepts your kill. The goblin barely misses you.
The goblin closely misses you. The hobgoblin barely misses you.
You have reached level 4!
You feel agile.
You hit the goblin but do no damage. The goblin closely misses you.
The goblin hits you with a +0 dagger. The hobgoblin barely misses you.
The goblin completely misses you. The hobgoblin closely misses you.
The goblin hits you but does no damage. The goblin hits you with a +0 dagger.
The goblin hits you with a +0 club.
You are too injured to fight recklessly!
You are too injured to fight recklessly!
You are too injured to fight recklessly!
You are too injured to fight recklessly!
The goblin closely misses you. The goblin barely misses you.
The hobgoblin hits you.
* * * LOW HITPOINT WARNING * * *
The goblin hits you with a +0 club.
* * * LOW HITPOINT WARNING * * *
You climb upwards.
There is a stone staircase leading down here.
You sock the hobgoblin!
You kill the hobgoblin!
Trog accepts your kill.
The goblin no longer looks unusually strong.
The goblin hits you with a +0 dagger.
* * * LOW HITPOINT WARNING * * *
The goblin hits you but does no damage. x3
The goblin hits you with a +0 dagger.
* * * LOW HITPOINT WARNING * * *
The goblin completely misses you. You furiously retaliate!
You headbutt the goblin.
You kill the goblin!
Trog accepts your kill.
Your Maces & Flails skill increases to level 6!
It was a potion of haste.
You feel yourself speed up.
The goblin no longer looks unusually strong.
The goblin hits you with a +0 dagger.
You die...

#.#.......##### #.....##[....#.
#.........# #......+.....'.
####..###..# ###.....##.....##
#.......>..# #..............#
#..........# #.#######......##
##..........# #.# #........
............# #.# #........
............#####g# #......<.
.......).......†@g# #......##
..........#.#####)#######......#
##.......<#.#...#.#............#
#........#.....#.#.####.......#
#######............#..#.......#
########...............#.......#
.......#...........#.........####
.......#...........#.........'...
.......#...........#.........####


You could see 2 goblins.

Vanquished Creatures
  Robin (D:3)
  An adder (D:2)
  A worm (D:2)
  A dart slug (D:2)
  3 ball pythons (D:2)
  A bat (D:1)
  3 endoplasms
  7 goblins
  9 hobgoblins
  2 quokkas (D:2)
  3 frilled lizards (D:2)
  3 kobolds
  5 rats (D:2)
40 creatures vanquished.

Notes
Turn   | Place    | Note
-------+----------+-------------------------------------------
     0 | D:1      | deadmanwalking the Minotaur Berserker began the quest for
                  | the Orb.
     0 | D:1      | Reached XP level 1. HP: 19/19 MP: 0/0
   237 | D:1      | Reached skill level 4 in Maces & Flails
   392 | D:1      | Reached XP level 2. HP: 26/26 MP: 1/1
   887 | D:2      | Reached skill level 5 in Maces & Flails
   887 | D:2      | Reached XP level 3. HP: 31/31 MP: 2/2
   953 | D:2      | Found a faded altar of an unknown god.
  1659 | D:3      | Noticed Robin
  1667 | D:3      | Killed Robin
  1672 | D:3      | Reached ** piety under Trog
  1674 | D:3      | Reached XP level 4. HP: 23/39 MP: 3/3
  1678 | D:2      | Reached skill level 6 in Maces & Flails
  1678 | D:2      | Slain by a goblin

Illustrated notes

Levels and vault maps discovered:
D:1:      psy_arrival_radial01, layout_basic
D:2:      layout_basic, shapermc_ecumenical_altar_starsandcircs
D:3:      layout_loops_corners, vehumet_altar_wand_db,
          kennysheep_okawaru_gauntlet, zin_angel, minmay_shallow_snake_nest,
          uniq_robin

Skill      XL: |  1  2  3  4 |
---------------+-------------+-----
Maces & Flails | 4 5 6 |  6.0
Fighting       | |  3.6
Armour         | |  2.4
Dodging        | |  2.1

Action                   |  1- 3 |  4- 6 || total
-------------------------+-------+-------++-------
Melee: Mace              |    67 |     2 ||    69
       Headbutt          |     7 |       ||     7
Invok: Berserk           |     2 |       ||     2
  Use: Potion            |       |     1 ||     1
Armor: Animal skin       |     4 |       ||     4
       Scale mail        |    28 |     4 ||    32
Dodge: Dodged            |    44 |     7 ||    51

Table legend: (Time is in decaauts)
 A = Elapsed time spent in this place.
 B = Non-inter-level travel time spent in this place.
 C = Inter-level travel time spent in this place.
 D = Time resting spent in this place.
 E = Time spent auto-exploring this place.
 F = Levels seen in this place.
 G = Mean time per level.
                   A        B        C        D        E       F      G
               +--------+--------+--------+--------+--------+-----+--------+
         Total |   1697 |   1635 |     62 |      1 |   1418 |   3 |  565.7 |
       Dungeon |   1697 |   1635 |     62 |      1 |   1418 |   3 |  565.7 |
               +--------+--------+--------+--------+--------+-----+--------+

Top non-repeatable levels by time:
     D:2: 878 daAuts
     D:1: 802 daAuts
     D:3: 15 daAuts
